 Dungeon Crawl Stone Soup version 0.17-a0-1567-gdd419b1 (webtiles) character file.

1330 desku the Chopper (level 8, -9/71 HPs)
             Began as a Hill Orc Berserker on July 22, 2015.
             Was a High Priest of Trog.
             Mangled by an ogre
             ... wielding a +0 giant club
              (13 damage)
             ... on level 4 of the Dungeon.
             The game lasted 00:17:11 (5344 turns).

desku the Chopper (Hill Orc Berserker)              Turns: 5344, Time: 00:17:11

Health: -9/71      AC: 13    Str: 22    XL:     8   Next: 60%
Magic:  17/17      EV:  8    Int:  7    God:    Trog [*****.]
Gold:   165        SH:  0    Dex: 10    Spells: 0 memorised, 7 levels left

rFire  . . .     SeeInvis .     a - +0 hand axe
rCold  . . .     Clarity  .     h - +0 plate armour
rNeg   . . .     SustAt   .     (no shield)
rPois  +         Gourm    .     (no helmet)
rElec  .         Spirit   .     (no cloak)
rCorr  .         Warding  .     (no gloves)
rMut   .         Stasis   .     (no boots)
MR     .....                    (no amulet)
Stlth  ..........               m - ring of magical power
                                j - ring of poison resistance

@: not resistant to hostile enchantments, extremely unstealthy
A: no striking features
a: Burn Spellbooks, Berserk, Trog's Hand, Brothers in Arms, Renounce Religion


You were on level 4 of the Dungeon.
You worshipped Trog.
Trog was extremely pleased with you.
You were near starving.

You visited 1 branch of the dungeon, and saw 4 of its levels.
You also visited: Sewer.

You collected 165 gold pieces.

Inventory:

Hand weapons
 a - a +0 hand axe (weapon)
Missiles
 n - 4 needles of slowing
Armour
 b - a +0 animal skin
 h - a +0 plate armour (worn)
 o - a cursed +0 ring mail
Jewellery
 j - a ring of poison resistance (left hand)
 l - a +3 ring of intelligence
 m - a ring of magical power (right hand)
Scrolls
 d - a scroll of immolation {unknown}
 e - 2 scrolls of identify
 g - 3 scrolls of remove curse
 i - 2 scrolls of teleportation
Potions
 p - 2 potions of brilliance
 q - a potion of heal wounds
 r - 2 potions of magic {unknown}
Comestibles
 c - 2 bread rations
 f - 4 meat rations
 k - 2 beef jerkies


   Skills:
 + Level 6.9 Fighting
 + Level 7.8 Axes
 + Level 6.8 Armour
 + Level 3.8 Dodging


You had 7 spell levels left.
You didn't know any spells.

Dungeon Overview and Level Annotations

Branches:
Dungeon (4/15)
 Temple: D:4-7

Altars:
Ashenzari
Cheibriados
Nemelex Xobeh
Qazlal


Message History

Your plate armour prevents you from hitting the worker ant.
The worker ant is almost dead.
The worker ant bites you but does no damage.
The worker ant closely misses you.
You hit the worker ant but do no damage.
The worker ant is almost dead.
The worker ant barely misses you.
You hit the worker ant.
You kill the worker ant!
Trog accepts your kill.
You hit the ogre but do no damage.
The ogre is severely wounded.
You hit the ogre.
The ogre is almost dead.
The ogre hits you with a giant club!!
* * * LOW HITPOINT WARNING * * *
You hit the ogre.
The ogre is almost dead.
The ogre hits you with a giant club!
You die...

...### #...# #######.......(.
.....# #.#.# ###.###### )..#.#
#...# #.# ..##.# #...# #.###
..##.# #...# #..<# .###.#####
##.##############.# .##......#
#.##.....^.....#.#
.....###.####.##.###..####.#.#
###.#..........O@# #..####.#..
# #.#.##.#######.###...>##.###
# #.#.##.# ###...........# #
#......# #....>...#.##.# #
###.#### ##.##.##......(# #..#
#.....##.##.##.# ##.#
###..#####.##.##.# ##.##
#.....####.##.##.#
##...###................#


You could see an ogre.

Vanquished Creatures
  Menkaure (D:4)
  2 ogres (D:4)
  6 big kobolds (Sewer)
  3 hounds (D:4)
  An orc priest (D:3)
  3 worker ants (D:4)
  4 orc wizards (D:3)
  10 adders
  5 river rats
  6 oozes
  6 worms
  2 giant geckos
  12 orcs (D:3)
  2 ball pythons
  A bat skeleton (D:4)
  7 giant cockroaches
  11 goblins
  15 hobgoblins
  22 kobolds
  14 bats
  9 giant newts
  2 quokkas (D:3)
  18 rats
162 creatures vanquished.

Notes
Turn   | Place    | Note
--------------------------------------------------------------
     0 | D:1      | desku the Hill Orc Berserker began the quest for the Orb.
     0 | D:1      | Reached XP level 1. HP: 19/19 MP: 1/1
   188 | D:1      | Reached XP level 2. HP: 6/27 MP: 2/2
   451 | D:1      | Acquired Trog's second power
  1010 | D:2      | Reached XP level 3. HP: 30/33 MP: 3/3
  1543 | D:2      | Reached XP level 4. HP: 15/41 MP: 4/4
  1573 | D:2      | Found a faded altar to an unknown god.
  2187 | D:3      | Reached XP level 5. HP: 32/47 MP: 5/5
  2248 | D:3      | Reached skill level 5 in Axes
  2495 | D:3      | Acquired Trog's third power
  2502 | D:3      | Found a snail-covered altar of Cheibriados.
  2653 | D:3      | Reached XP level 6. HP: 50/55 MP: 6/6
  2740 | D:3      | Reached skill level 5 in Fighting
  2897 | D:3      | Found a sparkling altar of Nemelex Xobeh.
  2897 | D:3      | Found a stormy altar of Qazlal.
  3495 | D:4      | Reached XP level 7. HP: 35/61 MP: 7/7
  3495 | D:4      | Reached skill level 6 in Axes
  3558 | D:4      | Found a shattered altar of Ashenzari.
  3559 | D:4      | Noticed Menkaure
  3579 | D:4      | Killed Menkaure
  3579 | D:4      | Reached skill level 5 in Armour
  3817 | D:4      | Found a glowing drain.
  3970 | Sewer    | Entered a sewer
  4106 | Sewer    | Reached XP level 8. HP: 32/71 MP: 8/8
  4415 | Sewer    | Received a gift from Trog
  4507 | Sewer    | Reached skill level 7 in Axes
  5344 | D:4      | Mangled by an ogre

Vault maps used:
D:1:      dpeg_arrival_three_bigger_balls, interstate_on_off
D:2:      kennysheep_six_static_rooms, ecumenical_altar_1,
          kennysheep_generic_room_2
D:3:      corexii_shack_village, cheibriados_altar_1,
          gammafunk_temple_overflow_wave, first_bread
D:4:      evilmike_ruin_ashenzari, portal_sewer_entry_e, uniq_menkaure
Sewer:    sewer_co_tree

Action                   |  1- 3 |  4- 6 |  7- 9 || total
-------------------------+-------+-------+-------++-------
Melee: Hand axe          |   162 |   286 |   398 ||   846
Invok: Berserk           |       |     4 |     2 ||     6
  Use: Potion            |     4 |     3 |     1 ||     8
       Scroll            |       |     6 |       ||     6
  Eat: Chunk             |     2 |     9 |     5 ||    16
       Bread ration      |       |       |     1 ||     1
